Unix NetHack Version 3.7.0-89 Work-in-progress - last build Sep 7 2023 15:16:41 (8494bff02b67719303c47e298deaa89034127798,branch:master). Game began 2023-09-10 23:18:40, ended 2023-09-10 23:27:45. Stella, lawful female human Samurai ----- ---- --|.(((| --- --..------- |.-.(((| --.).--- ---@..}.}...| |.|.(](| --.[)....-- .....}.....-- -+--.---------.........- ..| -...}.$.}%.----.........).)...|...G.......| -..}.}.....}@...-.---.-----..-|..........-| --......}..|f.--|.. .....|-....|.....| --.---..}-|.).-- ...|..---...|%--..| ..|.. ---|--------....-- --...---...|..-|.|------....--- --------------- |....| |........| |..........|---|.| -.......| |!.!).[!..|... |%%%*| --......--- |.......---- |.|..| ...{....| |.[.......|..- ------ |..|..... |..---.-- |.-..|-.......- ..--------|--..-- -..|....| --- |.| |.----........--..........(.....| -.|....|..--- |.| |......---+-.....-.--........--+- .......| ---.--- +.------ |..----..---+-..--- -.|-.....---- |.....| --- --- ..| --.| -..|....|.- |.._.[| -+- -.- |.....---- |...[.| .. |<..-- ------- ---- --- Stella the Kunoichi St:15 Dx:18 Co:18 In:11 Wi:8 Ch:6 Lawful Dlvl:7 $:13 HP:0(70) Pw:23(23) AC:5 Exp:7 T:1465 Latest messages: The soldier ant bites! The soldier ant stings! In what direction? You shoot 2 ya. The 1st ya hits it. The 2nd ya misses it. The soldier ant bites! The soldier ant misses! In what direction? You kill the soldier ant! d - 2 +0 ya (in quiver) You see here a soldier ant corpse. What do you want to dip? [a-dfhioqtACEF or ?*] Dip them into the fountain? [yn] (n) Far below you, you see coins glistening in the water. What do you want to dip? [a-dfhioqtACEF or ?*] Dip them into the fountain? [yn] (n) Water gushes forth from the overflowing fountain! It yells: "Hey, stop using that fountain!" You hear an animal carcass being offered in sacrifice. You avoid stepping into the pool of water. (Use 'm' prefix to step in if you really want to.) You fall into the pool of water! You sink like a rock. Your katana rusts! Your wakizashi rusts! Your scroll called l1 fades. Your scroll called id fades. Your potion called w1 dilutes. Your dwarvish iron helm rusts! Some water gets into your bag of tricks! You try to crawl out of the water. Pheew! That was close. The panther hits! The panther hits again! The panther misses! The panther hits! The panther hits again! The panther misses! You hit it. The panther hits! The panther hits again! The panther bites! You hit it. The panther hits! The panther hits again! The panther bites! You die... Do you want to see the dungeon overview? [ynq] (y) Inventory: Coins $ - 13 gold pieces Weapons d - 10 +0 ya (in quiver) c - a +0 yumi (weapon in hand) a - a rusty +0 katana (alternate weapon; not wielded) b - a rusty +0 wakizashi Armor t - an uncursed rusty +1 dwarvish iron helm (being worn) E - an uncursed +0 pair of elven boots (being worn) A - a blessed +2 pair of iron shoes F - a cursed +0 leather armor (being worn) Scrolls i - an uncursed scroll of blank paper o - an uncursed scroll of blank paper Potions q - an uncursed diluted potion of healing Wands h - a wand of striking (0:2) Tools C - a bag of tricks (0:3) f - an uncursed mirror Stella the Samurai's attributes: Background: You were a Kunoichi, a level 7 female human Samurai. You were lawful, on a mission for Amaterasu Omikami who was opposed by Raijin (neutral) and Susanowo (chaotic). You were in the Gnomish Mines, on level 7. You entered the dungeon 1465 turns ago. It was nighttime. You had 734 experience points, 546 more were needed to attain level 8. Basics: You had 0 out of 70 hit points. You had all 23 energy points (spell power). Your armor class was 5. Your wallet contained 13 zorkmids. Autopickup was on for '$?!/"=' plus thrown, with exceptions. Final Characteristics: Your strength was 15 (limit:18/100). Your dexterity was 18 (limit:18). Your constitution was 18 (limit:18). Your intelligence was 11 (limit:18). Your wisdom was 8 (limit:18). Your charisma was 6 (limit:18). Final Status: You were not hungry. You were unencumbered. You were wielding a bow. You had basic skill with bow. Final Attributes: You were fervently aligned. You were stealthy. You were warded. You were fast. You are dead. Miscellaneous: You disabled loading of bones levels. Total elapsed playing time was 9 minutes and 5 seconds. Major events: Turn 1: Stella the lawful female human Samurai entered the dungeon 307: entered the Gnomish Mines 487: attained the rank of Ronin (level 3) 853: reached Mine Town 1125: attained the rank of Kunoichi (level 6) 1465: killed by a panther Vanquished creatures: 2 small mimics 2 soldier ants 5 gnome leaders a gnomish wizard 6 dwarves a hobbit 16 gnomes a gecko a jackal a goblin 2 grid bugs 3 newts 41 creatures vanquished. No species were genocided or became extinct. Voluntary challenges: You were illiterate. You never engraved Elbereth. You never had a pet. You never genocided any monsters. You never polymorphed an object. You never changed form. You used no wishes. Achievements: You entered the Gnomish Mines. You attained the rank of Ronin. You entered Minetown. You entered a shop. You attained the rank of Kunoichi. You entered a temple. The Dungeons of Doom: levels 1 to 4 Level 1: Level 2: An altar, some fountains. Level 3: A fountain, a sink. Level 4: A grave. Stairs down to The Gnomish Mines. The Gnomish Mines: levels 5 to 7 Level 5: Level 6: Level 7: <- You were here. Many shops, a temple, some fountains. Final resting place for you, killed by a panther. Game over: ---------- / \ / REST \ / IN \ / PEACE \ / \ | Stella | | 13 Au | | killed by a | | panther | | | | | | 2023 | *| * * * | * _________)/\\_//(\/(/\)/\//\/|_)_______ Sayonara Stella the Samurai... You died in The Gnomish Mines on dungeon level 7 with 2114 points, and 13 pieces of gold, after 1465 moves. You were level 7 with a maximum of 70 hit points when you died.